 Dungeon Crawl Stone Soup version 0.14-a0-181-gf6fe0c6 (webtiles) character file.

133 Malachi the Skirmisher (level 4, 0/40 HPs)
             Began as a Ghoul Fighter on Oct 7, 2013.
             Slain by Sigmund
             ... wielding a +0,+0 scythe
              (8 damage)
             ... on Level 2 of the Dungeon.
             The game lasted 00:02:45 (1259 turns).

Malachi the Skirmisher (Ghoul Fighter)              Turns: 1259, Time: 00:02:46

HP   0/40        AC  8     Str 20      XL: 4   Next: 14%
MP   2/2         EV  6     Int  3      God:
Gold 68          SH 17     Dex  8      Spells:  0 memorised,  3 levels left

Res.Fire  : . . .   See Invis. : .   a - +0 trident
Res.Cold  : + . .   Warding    : .   b - +0 scale mail
Life Prot.: + + +   Conserve   : .   c - +0 shield
Res.Poison: +       Res.Corr.  : .   (no helmet)
Res.Elec. : .       Clarity    : .   (no cloak)
Sust.Abil.: . .     Spirit.Shd : .   i - +0 pair of gloves
Res.Mut.  : .       Stasis     : .   (no boots)
Res.Rott. : +       Flight     : .   (no amulet)
Saprovore : + + +                    (no ring)
                                     (no ring)

@: rotting, slightly resistant to hostile enchantments, extremely unstealthy
A: rotting body, claws 1, carnivore 3, cold resistance 1, life protection 3,
poison resistance, saprovore 3, slow healing 1, torment resistance, unbreathing
a: no special abilities


You were on level 2 of the Dungeon.
You were not hungry.

You visited 1 branch of the dungeon, and saw 2 of its levels.

You collected 48 gold pieces.

Inventory:

Hand weapons
 a - a +0,+0 trident (weapon)
Armour
 b - a +0 scale mail (worn)
 c - a +0 shield (worn)
 i - a +0 pair of gloves (worn)
Comestibles
 h - a rotting chunk of jackal flesh
 q - 2 rotting chunks of jackal flesh
 r - a meat ration
Scrolls
 e - a scroll of noise {unknown}
 f - a scroll of recharging {unknown}
 m - a scroll of blinking {unknown}
 n - a scroll of enchant weapon I {unknown}
 o - a scroll of remove curse
Jewellery
 j - an uncursed ring of see invisible {unknown}
Potions
 d - a potion of resistance {unknown}
 l - a potion of curing {unknown}


   Skills:
 + Level 4.1 Fighting
 * Level 2.1 Polearms
 + Level 3.2 Armour
 + Level 0.6 Dodging
 + Level 0.2 Stealth
 + Level 3.0 Shields


You had 3 spell levels left.
You didn't know any spells.

Dungeon Overview and Level Annotations

Branches:
Dungeon (2/27)

Altars:

Annotations:
D:2 Sigmund


Innate Abilities, Weirdness & Mutations

Your body is rotting away.
You have sharp fingernails.
You are carnivorous and can eat meat at any time.
Your flesh is cold resistant.
You are immune to negative energy.
Your system is resistant to poisons.
You thrive on rotten meat.
You heal slowly.
You are immune to unholy pain and torment.
You can survive without breathing.


Message History

This rotting flesh tastes delicious!
Sigmund casts a spell at you. The puff of flame hits you!
* * * LOW HITPOINT WARNING * * *
You continue eating.
Sigmund mumbles some strange words.
Sigmund flickers and vanishes!
Deactivating autopickup; reactivate with Ctrl-A.
You continue eating.
It hits you.
* * * LOW HITPOINT WARNING * * *
You closely miss it. You closely miss it. It hits you!
* * * LOW HITPOINT WARNING * * *
Eat one of 3 rotting chunks of jackal flesh? (ye/n/q/i?) This rotting flesh tastes delicious!
It hits you.
* * * LOW HITPOINT WARNING * * *
You continue eating.
It hits you!
You die...

## .. #.###########
#.#.@........
#.#.#####.### #.#.#
.# #.#.#####.#
#.........# #.#
###.##....# #.#
#.#♣≈...# .#.#
#######.#♣≈...## .#
.#.#
#........≈♣P..PP##.#


There were no monsters in sight!

Vanquished Creatures
  A gnoll (D:1)
  A giant mite (D:2)
  A worm (D:2)
  4 bats
  4 giant cockroaches (D:1)
  2 goblins (D:1)
  4 hobgoblins
  7 jackals (D:2)
  7 kobolds
  A quokka (D:2)
  3 giant newts
  7 rats
42 creatures vanquished.

Notes
Turn   | Place    | Note
--------------------------------------------------------------
     0 | D:1      | Malachi, the Ghoul Fighter, began the quest for the Orb.
     0 | D:1      | Reached XP level 1. HP: 19/19 MP: 0/0
   127 | D:1      | Reached XP level 2. HP: 26/26 MP: 1/1
   391 | D:1      | Reached XP level 3. HP: 30/33 MP: 2/2
   627 | D:1      | Reached skill level 4 in Fighting
   962 | D:2      | Reached XP level 4. HP: 24/40 MP: 2/2
  1241 | D:2      | Noticed Sigmund
  1259 | D:2      | Slain by Sigmund

Action                   |  1- 3 |  4- 6 || total
-------------------------+-------+-------++-------
Melee: Trident           |   103 |    48 ||   151
  Use: Scroll            |     1 |       ||     1
